 Zot Defence DCSS version 0.14-a0-2080-ge317583 (webtiles) character file.

929 BluebellGnoll the Poker (level 7, 0/60 (63) HPs)
             Began as a Minotaur Berserker on Jan 24, 2014.
             Was a Priest of Trog.
             Slain by a gnoll
             ... wielding a +0,+0 flail
              (7 damage)
             ... in the Realm of Zot (Scenario I: Hall of Zot).
             The game lasted 00:17:30 (1054 turns).

BluebellGnoll the Poker (Minotaur Berserker)        Turns: 1054, Time: 00:17:30

HP   0/60 (63)   AC  2     Str 23      XL: 7   Next: 85%
MP   3/3         EV 13     Int  4      God: Trog [***...]
Gold 0           SH  0     Dex  9 (10) Spells:  0 memorised,  6 levels left

rFire  . . .     SeeInvis .     a - +0 spear
rCold  . . .     Clarity  .     b - +0 animal skin
rNeg   . . .     Conserve .     (no shield)
rPois  .         rCorr    .     (helmet restricted)
rElec  .         rRot     .     (no cloak)
SustAb . .       Spirit   .     (no gloves)
rMut   .         Warding  .     (no boots)
Saprov . . .     Stasis   .     (no amulet)
MR     .....                    (no ring)
                                (no ring)

@: not resistant to hostile enchantments, very unstealthy
A: retaliatory headbutt, horns 2
a: Make dart trap, Make oklob sapling, Make arrow trap, Make plant, Remove
Curse, Make burning bush, Make altar, Make grenades, Make oklob plant, Burn
Spellbooks, Berserk, Trog's Hand, Renounce Religion


You were in the Realm of Zot.
You worshipped Trog.
Trog was most pleased with you.
You were not hungry.

You visited 1 branch

Inventory:

Hand weapons
 a - a +0,+0 spear (weapon)
 k - a -3,-1 whip
 m - a +2,+2 spear
 n - a +1,+1 spear
Missiles
 j - 44 darts (quivered)
 l - 2 silver darts
Armour
 b - a +0 animal skin (worn)
Comestibles
 d - a bread ration
Scrolls
 i - a scroll of blinking
Potions
 c - 3 potions of curing
 e - a potion of heal wounds
 f - a potion of speed
 g - 2 potions of magic
 h - a potion of berserk rage


   Skills:
 + Level 6.2 Fighting
 + Level 6.4 Polearms
 + Level 3.6 Throwing
 * Level 4.2 Armour
 * Level 5.3 Dodging


You had 6 spell levels left.
You didn't know any spells.

Dungeon Overview and Level Annotations

Branches:
    Zot (1/1)

Altars:


Innate Abilities, Weirdness & Mutations

You reflexively headbutt those who attack you in melee.
You have a pair of horns on your head.


Message History

The gnoll hits you with a flail.
You hit the gnoll but do no damage.
The gnoll is heavily wounded.
You barely miss the gnoll.
The gnoll is heavily wounded.
The gnoll hits you with a flail.
You hit the gnoll.
The gnoll is severely wounded.
The gnoll hits you with a flail!
* * * LOW HITPOINT WARNING * * *
You hit the gnoll but do no damage. You headbutt the gnoll.
The gnoll is almost dead.
You closely miss the gnoll.
The gnoll is almost dead.
The gnoll hits you with a flail.
* * * LOW HITPOINT WARNING * * *
You hit the gnoll. Your headbutt misses the gnoll.
The gnoll is almost dead.
The gnoll hits you with a flail!
You die...

▓ ▓▓▓▓........... ▓▓▓
▓▓▓.............. ..▓▓
▓▓................ ...▓ ▓▓▓▓▓▓▓▓▓
▓.................
...▓▓▓.......▓▓▓.................
...▓▓......(..▓▓.................
...▓...........▓.................
...^^^^^)0.^^^^^)................
...▓...........▓@................
...▓▓).......)▓▓.g...............
...▓▓▓PP...PP▓▓▓.................
...# ▓▓▓▓▓▓▓▓▓ #.................
..## ##................ ###
###.............. #
####........... ##
##############.. .###
###...............


You could see a gnoll.

Vanquished Creatures
  A hungry ghost (Zot)
  A quasit (Zot)
  A hound (Zot)
  An iguana (Zot)
  5 gnolls (Zot)
  2 giant mites (Zot)
  3 worms (Zot)
  An ooze (Zot)
  An orc (Zot)
  2 giant cockroaches (Zot)
  3 jackals (Zot)
  6 bats (Zot)
  2 goblins (Zot)
  2 kobolds (Zot)
31 creatures vanquished.

Vanquished Creatures (collateral kills)
  A gnoll shaman (Zot)
  5 adders (Zot)
  8 gnolls (Zot)
  2 green rats (Zot)
  A worm (Zot)
  A giant mite (Zot)
  A giant eyeball (Zot)
  2 giant geckos (Zot)
  2 ball pythons (Zot)
  A giant cockroach (Zot)
  5 goblins (Zot)
  5 hobgoblins (Zot)
  3 jackals (Zot)
  7 bats (Zot)
  5 kobolds (Zot)
  A rat (Zot)
50 creatures vanquished.

Vanquished Creatures (others)
  An oklob sapling (Zot)
  2 hobgoblins (Zot)
  A ball python (Zot)
  A giant gecko (Zot)
  3 giant newts (Zot)
  8 goblins (Zot)
  8 kobolds (Zot)
  A rat (Zot)
25 creatures vanquished.

Grand Total: 106 creatures vanquished

Notes
Turn   | Place    | Note
--------------------------------------------------------------
     0 | Zot      | BluebellGnoll, the Minotaur Berserker, began the quest for the Orb.
     0 | Zot      | Reached XP level 1. HP: 19/19 MP: 1/1
   209 | Zot      | Reached skill level 4 in Polearms
   217 | Zot      | Reached XP level 2. HP: 27/27 MP: 1/1
   249 | Zot      | Reached XP level 3. HP: 33/33 MP: 2/2
   344 | Zot      | Acquired Trog's second power
   435 | Zot      | Paralysed by Ygih for 3 turns
   438 | Zot      | Reached XP level 4. HP: 39/41 MP: 2/2
   501 | Zot      | Reached skill level 5 in Polearms
   576 | Zot      | Reached skill level 1 in Throwing
   576 | Zot      | Reached XP level 5. HP: 44/44 MP: 2/2
   712 | Zot      | Reached skill level 5 in Fighting
   743 | Zot      | Noticed Teqysak
   753 | Zot      | Killed Teqysak the hungry ghost
   753 | Zot      | Reached XP level 6. HP: 53/53 MP: 3/3
   753 | Zot      | Reached XP level 7. HP: 58/58 MP: 3/3
   916 | Zot      | Reached skill level 6 in Polearms
   972 | Zot      | Reached skill level 5 in Dodging
  1054 | Zot      | Slain by a gnoll

Action                   |  1- 3 |  4- 6 |  7- 9 || total
-------------------------+-------+-------+-------++-------
Melee: Spear             |    15 |    37 |    46 ||    98
Throw: Dart              |    14 |    16 |    13 ||    43
Invok: Burn Spellbooks   |     2 |       |       ||     2
       Berserk           |     1 |     1 |       ||     2
 Abil: Make dart trap    |    10 |       |       ||    10
       Make oklob saplin |     1 |     1 |       ||     2
       Remove Curse      |       |     1 |       ||     1
       Make burning bush |       |       |     2 ||     2
 Stab: Distracted        |       |     1 |       ||     1
